 Dungeon Crawl Stone Soup version 0.29-a0-495-g17b79114eb (webtiles) character file.

Game seed: 16451050404474294347

36864 b0nj0m0n the Nimble (level 13, -10/151 HPs)
             Began as a Gnoll Arcane Marksman on May 23, 2022.
             Was an Initiate of Gozag.
             Mangled by a frost giant
             ... wielding a +1 battleaxe of freezing
              (13 damage)
             ... on level 15 of the Dungeon on May 27, 2022.
             The game lasted 05:00:23 (27729 turns).

b0nj0m0n the Nimble (Gnoll Arcane Marksman)        Turns: 27729, Time: 05:00:23

Health: -10/151    AC: 26    Str:  6    XL:     13   Next: 93%
Magic:  20/26      EV:  2    Int: 19    God:    Gozag
Gold:   2086       SH:  5    Dex: 21    Spells: 4/30 levels left

rFire   + . .      SeeInvis .   K - +10 spear of the Stoat {protect, Fly rC+ Stlth+}
rCold   + . .      Faith    .   (no shield)
rNeg    + . .      Spirit   .   (body armour currently unavailable)
rPois   +          Reflect  +   (helmet currently unavailable)
rElec   +          Harm     .   (cloak currently unavailable)
rCorr   .          Rampage  .   (gloves currently unavailable)
Will    .....      NoTele   +   (boots currently unavailable)
Stlth   ++++++....              m - amulet of reflection
HPRegen 0.35/turn               l - ring of Gozag, Cursing {rElec Str-4 Int+4 Dex+6 Stlth+}
MPRegen 0.20/turn               Q - ring of Daisies {Drain rElec rPois rF+ rN+}

@: tree-form, invisible
A: stationary, stasis, torment immunity, boosted hp, (fangs 1), strong nose,
distributed training, sense surroundings 1
a: Renounce Religion, Potion Petition, Call Merchant, Bribe Branch


You were on level 15 of the Dungeon.
You worshipped Gozag.
Gozag was most pleased with you.
You were a tree.
You visited 2 branches of the dungeon, and saw 17 of its levels.

You collected 3219 gold pieces.
You spent 1090 gold pieces at shops.
You paid 43 gold pieces to Gozag.

Inventory:

Hand Weapons
 p - a +0 arbalest
 u - a +3 scimitar of flaming
 G - a +5 dagger
 K - the +10 spear of the Stoat (weapon) {protect, Fly rC+ Stlth+}
   (You found it on level 5 of the Dungeon)

   It grants its wielder temporary protection when it strikes (+7 to AC).
   rC:        It protects you from cold.
   Fly:       It grants you flight.
   Stlth:     It makes you more stealthy.
 O - a +0 vorpal longbow
 U - a +3 scimitar of flaming
Missiles
 s - 6 throwing nets
 N - 2 boomerangs of dispersal
Armour
 g - a +0 plate armour of fire resistance
 h - a +2 pair of boots of rampaging (melded)
 n - a +0 tower shield
 y - a +0 helmet (melded)
 B - the +0 leather armour "Aqol" {rPois Int+4 Dex+5}
   (You found it on level 14 of the Dungeon)

   Int:       It affects your intelligence (+4).
   Dex:       It affects your dexterity (+5).
   rPois:     It protects you from poison.
 E - a +1 robe of positive energy
 F - a +0 cloak (melded)
 L - a +0 kite shield of protection
 V - quicksilver dragon scales (melded)
 X - a +2 leather armour of poison resistance
Jewellery
 l - the ring of Gozag, Cursing (left branch) {rElec Str-4 Int+4 Dex+6 Stlth+}
   (You found it on level 1 of the Lair of Beasts)

   [ring of dexterity]

   Str:       It affects your strength (-4).
   Int:       It affects your intelligence (+4).
   Dex:       It affects your dexterity (+6).
   rElec:     It insulates you from electricity.
   Stlth:     It makes you more stealthy.
 m - an amulet of reflection (around neck)
 Q - the ring of Daisies (right branch) {Drain rElec rPois rF+ rN+}
   (You found it on level 8 of the Dungeon)

   [ring of protection from fire]

   rF:        It protects you from fire.
   rElec:     It insulates you from electricity.
   rPois:     It protects you from poison.
   rN:        It protects you from negative energy.
   Drain:     It drains your maximum health when unequipped.
 R - a +6 ring of strength
Wands
 z - a wand of mindburst (7)
 I - a wand of flame (17)
 P - a wand of digging (4)
 S - a wand of iceblast (21)
 Y - a wand of paralysis (3)
Scrolls
 a - 2 scrolls of fear
 c - 4 scrolls of vulnerability
 e - 2 scrolls of amnesia
 i - a scroll of enchant weapon {unknown}
 q - 4 scrolls of magic mapping
 v - a scroll of enchant armour
 D - 2 scrolls of teleportation
 M - 5 scrolls of immolation
Potions
 d - a potion of mutation
 k - 3 potions of attraction
 o - 2 potions of might
 r - a potion of berserk rage
 w - 5 potions of haste
 x - a potion of magic
 C - 7 potions of lignification
 H - 4 potions of resistance
 J - 2 potions of cancellation
 T - 3 potions of brilliance
 Z - 5 potions of flight
Miscellaneous
 b - a box of beasts
 j - a piece from Xom's chessboard (15/15)


   Skills:
 + Level 9.1 Fighting
 + Level 8.7 Short Blades
 + Level 8.7 Long Blades
 + Level 8.7 Axes
 + Level 8.7 Maces & Flails
 + Level 8.7 Polearms
 + Level 8.7 Staves
 + Level 8.7 Slings
 + Level 9.9 Bows
 + Level 8.7 Crossbows
 + Level 8.7 Throwing
 + Level 8.7 Armour
 + Level 9.9 Dodging
 + Level 8.7 Stealth
 + Level 8.7 Shields
 + Level 8.7 Unarmed Combat
 + Level 9.2 Spellcasting
 + Level 7.2 Conjurations
 + Level 9.2 Hexes
 + Level 7.2 Summonings
 + Level 7.2 Necromancy
 + Level 7.2 Translocations
 + Level 7.2 Transmutations
 + Level 7.2 Fire Magic
 + Level 7.2 Ice Magic
 + Level 7.2 Air Magic
 + Level 7.2 Earth Magic
 + Level 7.2 Poison Magic
 + Level 9.5 Invocations
 + Level 8.7 Evocations


You had 4 spell levels left.
You knew the following spells:

 Your Spells              Type           Power      Damage    Failure   Level
a - Slow                  Hex            100%       N/A       1%          1
b - Inner Flame           Hex/Fire       40%        N/A       1%          3
c - Cause Fear            Hex            21%        N/A       1%          4
d - Portal Projectile     Hex/Tloc       80%        N/A       1%          3
e - Swiftness             Air            36%        N/A       1%          3
f - Ensorcelled Hibernat  Hex/Ice        80%        N/A       1%          2
g - Dispel Undead         Necr           36%        3d15      4%          4
h - Sticky Flame          Conj/Fire      36%        2d6       4%          4
i - Sublimation of Blood  Necr           36%        N/A       1%          2

Your spell library contained the following spells:

 Spells                   Type           Power      Damage    Failure   Level
 Shock                    Conj/Air       100%       1d9       1%          1
 Summon Small Mammal      Summ           100%       N/A       1%          1
 Passwall                 Tmut/Erth      30%        N/A       1%          2
 Static Discharge         Conj/Air       36%        N/A       1%          2
 Call Canine Familiar     Summ           36%        N/A       1%          3
 Ozocubu's Armour         Ice            36%        N/A       1%          3
 Summon Guardian Golem    Hex/Summ       40%        N/A       1%          3
 Airstrike                Air            18%        N/A       4%          4
 Fireball                 Conj/Fire      18%        3d9       11%         5
 Freezing Cloud           Conj/Ice/Air   18%        6-21      11%         5
 Starburst                Conj/Fire      18%        6d7       52%         6
 Ozocubu's Refrigeration  Ice            18%        4d8       98%         7
 Borgnjor's Revivificati  Necr           18%        N/A       100%        8
 Ignition                 Fire           18%        3d7       100%        8


Dungeon Overview and Level Annotations

Branches:
Dungeon (15/15)            Temple (0/1) D:4            Lair (2/6) D:9
    Orc (0/2) D:11         Vaults (0/5) D:14         Depths (0/4) D:15
  Swamp: Lair:2-4    Shoals: Lair:2-4     Snake: Lair:2-4    Spider: Lair:2-4

Altars:
Dithmenos
Fedhas
Gozag
Okawaru
Qazlal
Sif Muna
Wu Jian

Shops:
D:3 *   D:6 ((!!   D:7 *   D:11 [   D:13 [   D:14 (

Annotations:
Lair:2 1 runed translucent door, Gastronok; croobank's ghost, journeyman GnDe


Innate Abilities, Weirdness & Mutations

You are a tree.
Your roots penetrate the ground, keeping you stationary.
You cannot be teleported.
You are immune to unholy pain and torment.
Your maximum health is greatly increased.
Your equipment is partially melded.
((You have very sharp teeth.))
Your uncanny sense of smell can sniff out nearby items.
Your experience applies equally to all skills.
You passively map a small area around you.


Message History

Okay, then.
The frost giant burns!
Flame seeps out of the frost giant.
The frost giant is engulfed in blazing flames.
Flame seeps out of the frost giant.
The frost giant gestures at you while chanting.
The bolt of cold hits you! You resist.
There is an open door here.
The frost giant gestures at you while chanting.
The bolt of cold hits you! You resist.
* * * LOW HITPOINT WARNING * * *
You feel better.
The frost giant gestures at you while chanting.
The bolt of cold hits you!! You resist.
* * * LOW HITPOINT WARNING * * *
You feel better.
The frost giant points at you and mumbles some strange words.
The bolt of cold hits you!! You resist.
* * * LOW HITPOINT WARNING * * *
Really quaff the potion of lignification?
Okay, then.
Really quaff the potion of lignification?
Uppercase [Y]es or [N]o only, please.
Really quaff the potion of lignification?
You turn into a tree.
Your +0 cloak melds into your body.
Your +0 helmet melds into your body.
Your +2 pair of boots of rampaging melds into your body.
Your quicksilver dragon scales melds into your body.
You no longer feel able to rampage towards enemies.
Your roots penetrate the ground.
The frost giant gestures at you while chanting.
The bolt of cold hits you but does no damage.
The frost giant hits you but does no damage.
The frost giant hits you with a +1 battleaxe of freezing.
* * * LOW HITPOINT WARNING * * *
The frost giant freezes you.
* * * LOW HITPOINT WARNING * * *
You fade into invisibility!
The frost giant hits you with a +1 battleaxe of freezing!
You die...
Your body crumbles into a pile of gold.

...## ###....####..##
....###....##########**
#...##....##≈≈...... *
#..........#≈.#≈≈≈###+#
##.......#.#......#...#
.........#.'.##≈..#.>.#
.......<.###......#...#
###.....## #≈.#≈≈≈###'#
##....# #≈≈..♣C....#
##...# ############
#...# ##.## #.# ###


You could see a frost giant (inner flame).

Vanquished Creatures
  A fire dragon (D:15)
  5 vault guards (D:14)
  A hydra (D:14)
  Harold (D:9)
  3 boulder beetles
  6 centaur warriors
  3 two-headed ogres
  Erica (D:8)
  3 tengu warriors
  Urug (Lair:1)
  A skeletal warrior (D:13)
  3 deep elf pyromancers
  A wizard (D:15)
  7 cyclopes
  2 slime creatures (D:12)
  5 ugly things
  A manticore (D:13)
  A cane toad (Lair:1)
  A cane toad (shapeshifter) (D:13)
  An eye of devastation (shapeshifter) (D:13)
  A freezing wraith (D:13)
  A komodo dragon (D:9)
  An efreet (D:15)
  A polar bear (Lair:1)
  5 trolls
  Grinder (D:3)
  Prince Ribbit (D:8)
  Sigmund (D:2)
  2 vampires
  4 humans (D:14)
  3 wraiths
  A wyvern (Lair:1)
  26 yaks
  2 basilisks
  6 vampire mosquitoes
  A redback (shapeshifter) (D:13)
  2 steam dragons (D:8)
  An acid dragon (D:10)
  2 water moccasins (Lair:1)
  2 orc warriors (D:11)
  An ice beast (D:5)
  4 black bears
  An ogre (D:4)
  6 wolves (Lair:1)
  11 centaurs
  A phantom (D:7)
  5 bullfrogs
  A gnoll sergeant (D:6)
  2 necrophages
  3 scorpions
  7 wights
  4 killer bees
  4 howler monkeys
  A hound (D:5)
  5 orc priests
  2 jellies (D:7)
  A gnoll shaman (D:8)
  An iguana (D:5)
  6 orc wizards
  4 adders
  9 gnolls
  2 white imps (D:5)
  A worm (D:5)
  3 dart slugs
  32 orcs
  A bat (D:2)
  6 endoplasms
  4 giant cockroaches
  7 goblins
  7 hobgoblins
  5 quokkas
  4 ball pythons
  5 frilled lizards
  9 kobolds
  6 rats
283 creatures vanquished.

Vanquished Creatures (others)
  3 humans (D:14)
  5 fungi
  14 plants
22 creatures vanquished.

Grand Total: 305 creatures vanquished

Notes
Turn   | Place    | Note
-------+----------+-------------------------------------------
     0 | D:1      | b0nj0m0n the Gnoll Arcane Marksman began the quest for the
                  | Orb.
     0 | D:1      | Reached XP level 1. HP: 17/17 MP: 4/4
   181 | D:1      | Reached XP level 2. HP: 23/23 MP: 3/5
   749 | D:1      | Reached XP level 3. HP: 28/28 MP: 7/7
   922 | D:1      | Learned a level 3 spell: Inner Flame
  1454 | D:1      | Reached skill level 1 in Invocations
  1680 | D:2      | Reached skill level 1 in Short Blades
  1680 | D:2      | Reached skill level 1 in Long Blades
  1680 | D:2      | Reached skill level 1 in Axes
  1680 | D:2      | Reached skill level 1 in Maces & Flails
  1680 | D:2      | Reached skill level 1 in Polearms
  1680 | D:2      | Reached skill level 1 in Staves
  1680 | D:2      | Reached skill level 1 in Slings
  1680 | D:2      | Reached skill level 1 in Crossbows
  1680 | D:2      | Reached skill level 1 in Throwing
  1680 | D:2      | Reached skill level 1 in Armour
  1680 | D:2      | Reached skill level 1 in Stealth
  1680 | D:2      | Reached skill level 1 in Shields
  1680 | D:2      | Reached skill level 1 in Unarmed Combat
  1680 | D:2      | Reached skill level 1 in Evocations
  1971 | D:2      | Noticed Sigmund
  1976 | D:2      | Killed Sigmund
  1977 | D:2      | Reached skill level 1 in Conjurations
  1977 | D:2      | Reached skill level 1 in Summonings
  1977 | D:2      | Reached skill level 1 in Necromancy
  1977 | D:2      | Reached skill level 1 in Translocations
  1977 | D:2      | Reached skill level 1 in Transmutations
  1977 | D:2      | Reached skill level 1 in Fire Magic
  1977 | D:2      | Reached skill level 1 in Ice Magic
  1977 | D:2      | Reached skill level 1 in Air Magic
  1977 | D:2      | Reached skill level 1 in Earth Magic
  1977 | D:2      | Reached skill level 1 in Poison Magic
  1977 | D:2      | Reached XP level 4. HP: 27/35 MP: 3/8
  1977 | D:2      | Reached XP level 5. HP: 31/41 MP: 3/9
  2501 | D:3      | Found an opulent altar of Gozag.
  2501 | D:3      | Found Gozag's Platinum Reserve.
  2534 | D:3      | Reached XP level 6. HP: 47/47 MP: 5/10
  2611 | D:3      | Became a worshipper of Gozag Ym Sagoz the Greedy
  2674 | D:3      | Noticed Grinder
  2859 | D:3      | Killed Grinder
  2860 | D:3      | Reached skill level 5 in Bows
  2860 | D:3      | Reached skill level 5 in Dodging
  3012 | D:3      | Found an iron altar of Okawaru.
  3303 | D:3      | Found a faded altar of an unknown god.
  3323 | D:3      | Reached XP level 7. HP: 42/52 MP: 4/12
  3578 | D:4      | Found a shimmering blue altar of Sif Muna.
  4139 | D:4      | Learned a level 4 spell: Cause Fear
  4373 | D:4      | Found a staircase to the Ecumenical Temple.
  4425 | D:4      | Found an ornate altar of the Wu Jian Council.
  4452 | D:4      | Found a blossoming altar of Fedhas.
  4962 | D:5      | Entered Level 5 of the Dungeon
  5412 | D:5      | Reached XP level 8. HP: 58/60 MP: 8/14
  6468 | D:5      | Learned a level 3 spell: Portal Projectile
  6941 | D:5      | Identified the +10 spear of the Stoat {protect, Fly rC+
                  | Stlth+}
  7949 | D:6      | Found Ylamyha's Weapon Boutique.
  7951 | D:6      | Found Kuodity's Weapon Boutique.
  7952 | D:6      | Found Mietwad's Distillery.
  7953 | D:6      | Found Enuwenem's Distillery.
  7976 | D:6      | Bought a potion of heal wounds for 55 gold pieces
  8559 | D:7      | Learned a level 3 spell: Swiftness
  8744 | D:7      | Found Ikhlyl's Mayhem Merchandise.
  8866 | D:7      | Reached XP level 9. HP: 55/66 MP: 5/16
  9507 | D:8      | Reached skill level 5 in Spellcasting
  9737 | D:8      | Identified the ring of Daisies {Drain rElec rPois rF+ rN+}
  9805 | D:8      | Learned a level 2 spell: Ensorcelled Hibernation
  9855 | D:8      | Noticed Prince Ribbit
  9869 | D:8      | Killed Prince Ribbit
  9870 | D:8      | Reached skill level 5 in Fighting
  9873 | D:8      | Noticed a centaur warrior
  9880 | D:8      | Killed a centaur warrior
  9881 | D:8      | Reached skill level 5 in Invocations
 10430 | D:8      | Noticed Erica
 10517 | D:8      | Killed Erica
 10518 | D:8      | Reached XP level 10. HP: 68/76 MP: 6/18
 10546 | D:8      | Reached skill level 5 in Short Blades
 10546 | D:8      | Reached skill level 5 in Long Blades
 10546 | D:8      | Reached skill level 5 in Axes
 10546 | D:8      | Reached skill level 5 in Maces & Flails
 10546 | D:8      | Reached skill level 5 in Polearms
 10546 | D:8      | Reached skill level 5 in Staves
 10546 | D:8      | Reached skill level 5 in Slings
 10546 | D:8      | Reached skill level 5 in Crossbows
 10546 | D:8      | Reached skill level 5 in Throwing
 10546 | D:8      | Reached skill level 5 in Armour
 10546 | D:8      | Reached skill level 5 in Stealth
 10546 | D:8      | Reached skill level 5 in Shields
 10546 | D:8      | Reached skill level 5 in Unarmed Combat
 10546 | D:8      | Reached skill level 5 in Evocations
 12258 | D:9      | Found a staircase to the Lair.
 12413 | Lair:1   | Entered Level 1 of the Lair of Beasts
 12834 | Lair:1   | Noticed a cane toad
 13252 | Lair:1   | Killed a cane toad
 13608 | Lair:1   | Noticed Urug
 14083 | Lair:1   | Killed Urug
 14084 | Lair:1   | Reached XP level 11. HP: 38/83 MP: 13/20
 14088 | Lair:1   | Noticed a five-headed hydra
 14093 | Lair:1   | Reached skill level 5 in Conjurations
 14093 | Lair:1   | Reached skill level 5 in Summonings
 14093 | Lair:1   | Reached skill level 5 in Necromancy
 14093 | Lair:1   | Reached skill level 5 in Translocations
 14093 | Lair:1   | Reached skill level 5 in Transmutations
 14093 | Lair:1   | Reached skill level 5 in Fire Magic
 14093 | Lair:1   | Reached skill level 5 in Ice Magic
 14093 | Lair:1   | Reached skill level 5 in Air Magic
 14093 | Lair:1   | Reached skill level 5 in Earth Magic
 14093 | Lair:1   | Reached skill level 5 in Poison Magic
 14318 | Lair:1   | Identified the ring of Gozag, Cursing {rElec Str-4 Int+4
                  | Dex+6 Stlth+}
 14728 | Lair:2   | Noticed Gastronok
 14737 | Lair:2   | Noticed croobank's ghost (journeyman GnDe)
 14756 | Lair:2   | Found a runed translucent door.
 14780 | Lair:2   | HP: 4/83 [water moccasin (5)]
 15263 | D:9      | Found a shadowy altar of Dithmenos.
 15532 | D:9      | Noticed Harold
 15563 | D:9      | Killed Harold
 16292 | D:10     | Entered Level 10 of the Dungeon
 16302 | D:10     | Learned a level 4 spell: Dispel Undead
 16304 | D:10     | Upgraded the game from 0.29-a0-472-ge5599a681e to
                  | 0.29-a0-474-gdfe5cd140f
 16599 | D:7      | Bought a book of Fire for 440 gold pieces
 16599 | D:7      | Bought a wand of iceblast (13) for 170 gold pieces
 16617 | D:7      | Bought a wand of iceblast (5) for 90 gold pieces
 16683 | D:6      | Bought a potion of brilliance for 44 gold pieces
 16853 | Lair:1   | Learned a level 4 spell: Sticky Flame
 17419 | D:10     | You fall into a shaft and drop 1 floor!
 17420 | D:11     | Noticed a two-headed ogre
 17438 | D:11     | Killed a two-headed ogre
 17475 | D:11     | Identified a scroll of acquirement
 17477 | D:11     | Acquired the Handbook of Icy Black Arts
 18181 | D:11     | Found a staircase to the Orcish Mines.
 18183 | D:11     | Found Arghif's Armour Emporium.
 18264 | D:11     | Noticed a two-headed ogre
 18274 | D:11     | Killed a two-headed ogre
 19047 | D:10     | Reached XP level 12. HP: 41/91 MP: 21/23
 19307 | D:10     | Noticed a boulder beetle
 19330 | D:10     | Killed a boulder beetle
 21057 | D:13     | Found Abean's Armour Boutique.
 21082 | D:13     | Noticed a centaur warrior
 21363 | D:13     | Killed a centaur warrior
 21609 | D:13     | Noticed a centaur warrior
 21617 | D:13     | Killed a centaur warrior
 21702 | D:13     | Upgraded the game from 0.29-a0-474-gdfe5cd140f to
                  | 0.29-a0-477-g62b78b4225
 21846 | D:13     | Noticed a tengu warrior
 21879 | D:13     | Killed a tengu warrior
 21969 | D:13     | Noticed a boulder beetle
 22283 | D:13     | Killed a boulder beetle
 22284 | D:13     | Reached XP level 13. HP: 53/99 MP: 21/25
 23164 | D:13     | Bought a +0 cloak for 81 gold pieces
 23317 | D:13     | HP: 4/99 [centaur warrior/arrow (16)]
 24851 | D:14     | Noticed a vault guard
 24882 | D:14     | Killed a vault guard
 25173 | D:14     | Noticed a vault guard
 25195 | D:14     | Killed a vault guard
 25312 | D:14     | Noticed a vault guard
 25325 | D:14     | Killed a vault guard
 25417 | D:14     | Identified the +0 leather armour "Aqol" {rPois Int+4 Dex+5}
 25530 | D:14     | Found Depnalow's Antique Weapon Shop.
 25540 | D:14     | Bought a glowing shortbow for 210 gold pieces
 25640 | D:14     | Noticed a vault guard
 25677 | D:14     | Killed a vault guard
 25697 | D:14     | Noticed a vault guard
 25741 | D:14     | Killed a vault guard
 26124 | D:14     | Found a gate to the Vaults.
 26149 | D:14     | Upgraded the game from 0.29-a0-477-g62b78b4225 to
                  | 0.29-a0-483-g69413ace17
 26320 | D:14     | Upgraded the game from 0.29-a0-483-g69413ace17 to
                  | 0.29-a0-495-g17b79114eb
 26321 | D:15     | Entered Level 15 of the Dungeon
 26431 | D:15     | Found a stormy altar of Qazlal.
 26686 | D:15     | Gained mutation: You passively map a small area around you.
                  | [potion of mutation]
 27042 | D:15     | Found a staircase to the Depths.
 27042 | D:15     | Noticed a frost giant
 27121 | D:15     | Learned a level 2 spell: Sublimation of Blood
 27186 | D:15     | Noticed a fire dragon
 27217 | D:15     | Killed a fire dragon
 27723 | D:15     | HP: 4/101 [frost giant/bolt of cold (21)]
 27728 | D:15     | HP: 4/151 [frost giant/+1 battleaxe of freezing (4)]
 27729 | D:15     | Mangled by a frost giant

Illustrated notes

Levels and vault maps discovered:
D:1:      minmay_arrival_four_houses, layout_basic
D:2:      layout_loops_ring, uniq_sigmund
D:3:      layout_rooms, mainiacjoe_overflow_boulevard,
          nicolae_gozag_zags_fifth_avenue, hellmonk_ecumenical_altar_zigzags,
          minivault_24, uniq_grinder
D:4:      layout_cave_pods, lemuel_doored_altar,
          chequers_temple_overflow_statue_of_worship, minmay_temple_entry_wispy,
          dk_rats_in_the_wall
D:5:      layout_layer_cave, nrook_loot_triangle
D:6:      layout_loops_ring, minmay_shop_grid_forest, minivault_25
D:7:      layout_basic, minmay_shop_mayhem
D:8:      layout_loops_ring, enter_bailey_4, uniq_prince_ribbit1, uniq_erica
D:9:      layout_cave_pods, grunt_dithmenos_smoke, david_lair_shrubbed,
          serial_park_tiny_pond, uniq_harold
D:10:     layout_irregular_city, serial_rivers, chequers_serial_rivers_micro_a,
          chequers_serial_rivers_micro_c, chequers_serial_rivers_large_a,
          chequers_serial_rivers_micro_a, chequers_serial_rivers_marsh
D:11:     layout_basic, orc_david_3
D:12:     layout_roguey
D:13:     minmay_concentric_multi, layout_cave_pools, serial_shops,
          nicolae_shop_statue_plus
D:14:     layout_gridville, ximxim_vaults_locker_room, roderic_lattice_a,
          serial_shops, nicolae_shop_overgrown_old_shop
D:15:     grunt_enter_depths_snipers, layout_layer_cave, serial_bayou_pond_a,
          minmay_misc_feat_hallway, nicolae_qazlal_style_of_elements
Lair:1:   layout_gridlike, uniq_urug
Lair:2:   layout_cellular_growth, elwin_shoals_entry_rooms,
          hellmonk_ghost_happy_afterlife, gauntlet_entry_generic, uniq_gastronok

Skill      XL: |  1  2  3  4  5  6  7  8  9 10 11 12 13 |
---------------+----------------------------------------+-----
Invocations    | 1 2 3 4 5 6 7 8 9 |  9.5
Short Blades   | 1 2 3 4 5 6 7 8 |  8.7
Long Blades    | 1 2 3 4 5 6 7 8 |  8.7
Axes           | 1 2 3 4 5 6 7 8 |  8.7
Maces & Flails | 1 2 3 4 5 6 7 8 |  8.7
Polearms       | 1 2 3 4 5 6 7 8 |  8.7
Staves         | 1 2 3 4 5 6 7 8 |  8.7
Slings         | 1 2 3 4 5 6 7 8 |  8.7
Crossbows      | 1 2 3 4 5 6 7 8 |  8.7
Throwing       | 1 2 3 4 5 6 7 8 |  8.7
Armour         | 1 2 3 4 5 6 7 8 |  8.7
Stealth        | 1 2 3 4 5 6 7 8 |  8.7
Shields        | 1 2 3 4 5 6 7 8 |  8.7
Unarmed Combat | 1 2 3 4 5 6 7 8 |  8.7
Evocations     | 1 2 3 4 5 6 7 8 |  8.7
Fighting       | 3 4 5 6 7 8 9 |  9.1
Spellcasting   | 3 4 5 6 7 8 9 |  9.2
Conjurations   | 1 2 3 4 5 6 7 |  7.2
Summonings     | 1 2 3 4 5 6 7 |  7.2
Necromancy     | 1 2 3 4 5 6 7 |  7.2
Translocations | 1 2 3 4 5 6 7 |  7.2
Transmutations | 1 2 3 4 5 6 7 |  7.2
Fire Magic     | 1 2 3 4 5 6 7 |  7.2
Ice Magic      | 1 2 3 4 5 6 7 |  7.2
Air Magic      | 1 2 3 4 5 6 7 |  7.2
Earth Magic    | 1 2 3 4 5 6 7 |  7.2
Poison Magic   | 1 2 3 4 5 6 7 |  7.2
Bows           | 5 6 7 8 9 |  9.9
Dodging        | 5 6 7 8 9 |  9.9
Hexes          | 6 7 8 9 |  9.2

Action                   |  1- 3 |  4- 6 |  7- 9 | 10-12 | 13-15 || total
-------------------------+-------+-------+-------+-------+-------++-------
Melee: Spear             |       |       |       |   147 |   206 ||   353
       Bite              |       |       |       |    25 |    34 ||    59
       Punch             |       |       |       |    11 |    14 ||    25
       Scimitar          |       |       |       |     1 |       ||     1
 Fire: Shortbow          |   100 |    52 |   219 |   237 |       ||   608
       Longbow           |       |       |       |    46 |    85 ||   131
       Arbalest          |       |       |       |       |     7 ||     7
 Cast: Slow              |    53 |    24 |   100 |   117 |    24 ||   318
       Inner Flame       |     2 |    10 |    75 |    99 |    29 ||   215
       Cause Fear        |       |       |     5 |    12 |     2 ||    19
       Swiftness         |       |       |     3 |    12 |     1 ||    16
       Portal Projectile |       |       |     2 |     2 |       ||     4
       Ensorcelled Hiber |       |       |       |    14 |     3 ||    17
       Sticky Flame      |       |       |       |     9 |     1 ||    10
       Dispel Undead     |       |       |       |     3 |     2 ||     5
Evoke: Wand              |       |       |       |     5 |     3 ||     8
  Use: Scroll            |       |       |    15 |    19 |     6 ||    40
       Potion            |       |       |       |    12 |    10 ||    22
 Stab: Sleeping          |       |       |       |     2 |       ||     2
       Distracted        |       |       |       |     1 |     1 ||     2
Armor: Robe              |     6 |     2 |    33 |    44 |       ||    85
       Quicksilver drago |       |       |       |    50 |    96 ||   146
       Skin              |       |       |       |       |     2 ||     2
Dodge: Dodged            |    28 |    15 |   138 |   244 |   116 ||   541
Block: Other             |     1 |     6 |    50 |    86 |    51 ||   194
       Reflection        |       |     1 |     3 |     8 |    10 ||    22

Table legend: (Time is in decaauts)
 A = Elapsed time spent in this place.
 B = Non-inter-level travel time spent in this place.
 C = Inter-level travel time spent in this place.
 D = Time resting spent in this place.
 E = Time spent auto-exploring this place.
 F = Levels seen in this place.
 G = Mean time per level.
                   A        B        C        D        E       F      G
               +--------+--------+--------+--------+--------+-----+--------+
         Total |  27806 |  27795 |     11 |   9780 |      0 |  17 | 1635.6 |
       Dungeon |  25182 |  25182 |      0 |   8655 |      0 |  15 | 1678.8 |
          Lair |   2623 |   2612 |     11 |   1125 |      0 |   2 | 1311.5 |
               +--------+--------+--------+--------+--------+-----+--------+

Top non-repeatable levels by time:
  Lair:1: 2553 daAuts
     D:9: 2490 daAuts
     D:8: 2365 daAuts
    D:12: 2258 daAuts
    D:14: 2186 daAuts
     D:5: 1849 daAuts
    D:13: 1834 daAuts
     D:1: 1628 daAuts
     D:4: 1554 daAuts
    D:11: 1448 daAuts
    D:15: 1398 daAuts
    D:10: 1305 daAuts
     D:6: 1266 daAuts
     D:3: 1264 daAuts
     D:2: 1178 daAuts
